 Dungeon Crawl Stone Soup version 0.18.1-50-g88ac8fd (webtiles) character file.

12248 spiff the Transmogrifier (level 11, -5/80 HPs)
             Began as an Octopode Transmuter on Sept 20, 2016.
             Was a Priest of Ru.
             Succumbed to a redback's poison
             ... on level 3 of the Lair of Beasts on Sept 21, 2016.
             The game lasted 00:56:38 (20046 turns).

spiff the Transmogrifier (Octopode Transmuter)     Turns: 20046, Time: 00:56:39

Health: -5/80      AC:  2    Str: 10    XL:     11   Next: 90%
Magic:  15/18      EV: 29    Int: 15    God:    Ru [***...]
Gold:   648        SH:  0    Dex: 21    Spells: 3 memorised, 12 levels left

rFire  + . .     SeeInvis .       - Unarmed
rCold  x . .     Gourm    +     (shield currently unavailable)
rNeg   . . .     Faith    .     (helmet currently unavailable)
rPois  x         Spirit   .     h - amulet of the gourmand (curse)
rElec  .         Dismiss  .     l - ring of fire
rCorr  .         Reflect  .     A - ring of loudness (curse)
SustAt .         Harm     .     (no ring)
MR     .....                    (no ring)
Stlth  +.........               (no ring)
                                (no ring)
                                (no ring)
                                (no ring)

@: lethally poisoned (-5 -> -173), spider-form (expiring), not resistant to
hostile enchantments, very unstealthy
A: almost no armour, (amphibious), 8 rings, (constrict 8), (camouflage 0),
(gelatinous body 0), inability to use devices
a: End Transformation, Draw Out Power, Renounce Religion


You were on level 3 of the Lair of Beasts.
You worshipped Ru.
Ru was most pleased with you.
You were very full.
You were a venomous arachnid creature.
You visited 3 branches of the dungeon, and saw 13 of its levels.

You collected 648 gold pieces.

Inventory:

Armour
 j - a +2 hat (melded)
Jewellery
 h - a cursed amulet of the gourmand (around neck)
 l - a ring of fire (left front leg)
 q - an uncursed amulet of faith
 A - a cursed ring of loudness (right front leg)
Scrolls
 g - 8 scrolls of identify
 p - 2 scrolls of recharging
 r - a scroll of teleportation
 s - a scroll of amnesia
 v - 4 scrolls of fog
 C - a scroll of magic mapping
Potions
 a - a potion of mutation {unknown}
 e - 3 potions of might
 i - a potion of cancellation
 k - a potion of lignification {unknown}
 m - 2 potions of berserk rage
 n - a potion of magic
 t - a potion of haste {unknown}
 u - a potion of cure mutation {unknown}
 w - a potion of flight {unknown}
 x - a potion of brilliance {unknown}
 E - a potion of ambrosia {unknown}
Books
 b - a book of Changes

   Spells                             Type                      Level
   a - Beastly Appendage              Transmutation                1
   b - Sticks to Snakes               Transmutation                2
   c - Spider Form                    Transmutation/Poison         3
   d - Ice Form                       Ice/Transmutation            4
   e - Blade Hands                    Transmutation                5
 d - a book of Air

   Spells                             Type                      Level
   a - Shock                          Conjuration/Air              1
   b - Swiftness                      Charms/Air                   2
   c - Repel Missiles                 Charms/Air                   2
   d - Static Discharge               Conjuration/Air              3
   e - Lightning Bolt                 Conjuration/Air              5
 y - a book of Necromancy

   Spells                             Type                      Level
   a - Pain                           Necromancy                   1
   b - Animate Skeleton               Necromancy                   1
   c - Vampiric Draining              Necromancy                   3
   d - Regeneration                   Charms/Necromancy            3
   e - Animate Dead                   Necromancy                   4
   f - Control Undead                 Necromancy                   4
Comestibles
 c - 9 bread rations
 o - 4 meat rations
 z - a slice of pizza
 D - 6 fruits


   Skills:
 - Level 9.0 Fighting
 - Level 8.2 Dodging
 - Level 0.8 Stealth
 - Level 9.1 Unarmed Combat
 - Level 5.1 Spellcasting
 + Level 10.1 Transmutations
 - Level 3.4 Poison Magic


You had 12 spell levels left.
You knew the following spells:

 Your Spells              Type           Power        Failure   Level  Hunger
a - Ice Form              Ice/Trmt       #.......     45%         4    ####...
q - Spider Form           Trmt/Pois      ###.......   10%         3    ###....
z - Beastly Appendage     Trmt           ####..       3%          1    None


Dungeon Overview and Level Annotations

Branches:
Dungeon (9/15)             Temple (1/1) D:5            Lair (3/8) D:9
 Spider (0/4) Lair:3
  Swamp: Lair:3-6    Shoals: Lair:3-6       Orc: D:9-12

Altars:
Ashenzari
Cheibriados
Dithmenos
Elyvilon
Fedhas
Gozag
Kikubaaqudgha
Makhleb
Nemelex Xobeh
Okawaru
Pakellas
Qazlal
Ru
Sif Muna
Trog
Vehumet
Xom
Yredelemnul
Zin
The Shining One

Shops:
D:6 %

Annotations:
D:5 exclusion: downstairs
Lair:2 exclusion: hydra
Lair:3 Rupert


Innate Abilities, Weirdness & Mutations

You cannot wear most types of armour.
((You are amphibious.))
You can wear up to eight rings at the same time.
((You can use your tentacles to constrict eight enemies at once.))
((Your skin changes colour to match your surroundings (Stealth).))
((Your rubbery body absorbs attacks (AC +1).))
You cannot study or use magical devices.


Message History

You feel extremely sick. The redback bites you.
* * * LOW HITPOINT WARNING * * *
You are more poisoned.
The redback poisons you! The redback bites you.
* * * LOW HITPOINT WARNING * * *
You bite the redback!
The redback is moderately wounded.
* * * LOW HITPOINT WARNING * * *
You feel extremely sick. The redback completely misses you.
You hit the redback but do no damage.
The redback is poisoned.
The redback is moderately wounded.
* * * LOW HITPOINT WARNING * * *
You feel extremely sick. The redback completely misses you.
You hit the redback.
The redback is heavily wounded.
Your transformation is almost over.
You die...

#..........#####...#.
##........## #.....P.
#......### #.##....
#..(...# ##.......
##......# #.#..#...
#.....†.# #####...##
###...#..# #.#.##.##
#..#######....#.#
##s# #.......# #s.###
#.....†## ##.†.#
#.........## #...##
#..........#
#.#.†..s.........#.
#....#####........#
##.### #P......#.
.##.. #####........
..≈... #P..#........


You could see a redback.

Vanquished Creatures
  Joseph (D:8)
  4 spiny frogs
  A rime drake (Lair:3)
  A komodo dragon (Lair:2)
  2 jumping spiders (Lair:3)
  3 blink frogs (Lair:3)
  A spriggan (D:7)
  6 redbacks (Lair:3)
  6 yaks (Lair:2)
  3 hippogriffs
  The ghost of cedor the Charmwright, an amateur DsSk of Okawaru (D:5)
  2 water moccasins
  The ghost of Mesmaeker13 the Conjurer, an amateur GrCj (D:6)
  4 porcupines
  4 orc warriors
  3 sky beasts
  A necrophage (D:6)
  A black bear (D:6)
  The ghost of nikopol the Skirmisher, an amateur HOFi (D:3)
  10 ogres
  3 centaurs
  6 crocodiles
  6 giant frogs
  A gnoll sergeant (D:9)
  A scorpion (D:5)
  4 wights
  5 killer bees (D:8)
  4 crimson imps
  A quasit (D:7)
  A giant frog zombie (D:7)
  Crazy Yiuf (D:6)
  A jelly (D:5)
  4 hounds
  2 gnoll shamans (D:7)
  3 orc priests
  14 orc wizards
  Jessica (D:3)
  5 iguanas
  6 worker ants
  A killer bee zombie (D:9)
  A hound zombie (D:7)
  Robin (D:3)
  A howler monkey skeleton (D:7)
  A worker ant zombie (D:8)
  18 gnolls
  67 river rats
  13 adders
  3 oozes
  An adder skeleton (D:5)
  4 worms
  4 dart slugs
  6 giant geckos
  25 orcs
  7 giant cockroaches
  23 goblins
  16 hobgoblins
  11 jackals
  8 kobolds
  5 quokkas
  A ball python (D:6)
  10 bats
  3 giant newts
  A jackal skeleton (D:6)
  13 rats
  A fungus (D:7)
  3 plants (D:7)
373 creatures vanquished.

Vanquished Creatures (others)
  2 spiny frogs
  A porcupine (Lair:1)
  An orc (D:9)
  A quokka (D:8)
  9 fungi
  4 plants
18 creatures vanquished.

Grand Total: 391 creatures vanquished

Notes
Turn   | Place    | Note
--------------------------------------------------------------
     0 | D:1      | spiff the Octopode Transmuter began the quest for the Orb.
     0 | D:1      | Reached XP level 1. HP: 13/13 MP: 3/3
   316 | D:1      | Reached XP level 2. HP: 18/18 MP: 3/5
   775 | D:1      | Reached XP level 3. HP: 6/23 MP: 4/6
  1037 | D:1      | Learned a level 3 spell: Spider Form
  2156 | D:2      | Reached skill level 3 in Transmutations
  2156 | D:2      | Reached XP level 4. HP: 25/28 MP: 3/7
  2162 | D:1      | Reached skill level 1 in Poison Magic
  2661 | D:2      | Reached XP level 5. HP: 28/33 MP: 1/8
  3634 | D:3      | Noticed Jessica
  3643 | D:3      | Killed Jessica
  3712 | D:3      | Reached skill level 4 in Transmutations
  3926 | D:3      | Reached XP level 6. HP: 38/38 MP: 5/9
  4112 | D:3      | Noticed nikopol's ghost (amateur HOFi)
  4426 | D:3      | Noticed Robin
  4651 | D:3      | Killed Robin
  4903 | D:3      | Reached skill level 5 in Transmutations
  5788 | D:4      | Reached XP level 7. HP: 45/45 MP: 7/10
  6047 | D:5      | Entered Level 5 of the Dungeon
  6488 | D:5      | Noticed cedor's ghost (amateur DsSk)
  6683 | D:5      | Found a staircase to the Ecumenical Temple.
  6689 | Temple   | Entered the Ecumenical Temple
  6753 | Temple   | Became a worshipper of Ru the Awakened
  8002 | D:6      | Reached XP level 8. HP: 42/53 MP: 8/11
  8072 | D:6      | Noticed Mesmaeker13's ghost (amateur GrCj)
  8318 | D:6      | Reached skill level 5 in Dodging
  8483 | D:6      | Noticed Crazy Yiuf
  8495 | D:6      | Killed Crazy Yiuf
  8642 | D:6      | Reached skill level 5 in Fighting
  9076 | D:7      | Reached skill level 5 in Unarmed Combat
  9342 | D:7      | Found a deep blue altar of Sif Muna.
  9525 | D:7      | Identified Sif Muna's Incunabulum of Augmentations
  9773 | D:7      | Noticed a spriggan baker
  9778 | D:7      | Killed a spriggan baker
  9778 | D:7      | Reached XP level 9. HP: 56/60 MP: 9/12
 11639 | D:8      | Noticed Joseph
 11871 | D:3      | Killed nikopol's ghost
 11871 | D:3      | Reached skill level 5 in Spellcasting
 12323 | D:4      | Reached XP level 10. HP: 60/66 MP: 13/17
 13034 | D:5      | Killed cedor's ghost
 13342 | D:6      | Found Riusat's Food Shop.
 13600 | D:6      | Killed Mesmaeker13's ghost
 13608 | D:6      | Gained mutation: You cannot study or use magical devices. [Ru sacrifice]
 13608 | D:6      | Reached * piety under Ru
 13608 | D:6      | Reached ** piety under Ru
 13608 | D:6      | Reached *** piety under Ru
 13850 | D:8      | Killed Joseph
 14295 | D:8      | Found a white marble altar of Elyvilon.
 15693 | D:9      | Found a glowing silver altar of Zin.
 15700 | D:9      | Found a snail-covered altar of Cheibriados.
 15707 | D:9      | Found an opulent altar of Gozag.
 15714 | D:9      | Found a basalt altar of Yredelemnul.
 15721 | D:9      | Found a shimmering altar of Xom.
 15728 | D:9      | Found a shadowy altar of Dithmenos.
 15733 | D:9      | Found a deep blue altar of Sif Muna.
 15751 | D:9      | Found a staircase to the Lair.
 15758 | Lair:1   | Entered Level 1 of the Lair of Beasts
 15762 | Lair:1   | Noticed a spiny frog
 15770 | Lair:1   | Killed a spiny frog
 16178 | Lair:1   | Noticed a spiny frog
 16192 | Lair:1   | Killed a spiny frog
 16366 | Lair:1   | Noticed a spiny frog
 16375 | Lair:1   | Killed a spiny frog
 16764 | Lair:1   | Reached XP level 11. HP: 71/80 MP: 14/18
 17390 | Lair:2   | Noticed a six-headed hydra
 17601 | Lair:2   | Reached skill level 6 in Transmutations
 17924 | Lair:2   | Reached skill level 7 in Transmutations
 18796 | Lair:3   | Found a hole to the Spider Nest.
 18796 | Lair:3   | Noticed a six-headed hydra
 18816 | Lair:3   | Reached skill level 8 in Transmutations
 19210 | Lair:3   | Reached skill level 9 in Transmutations
 19507 | Lair:3   | Noticed Rupert
 19633 | Lair:2   | Learned a level 4 spell: Ice Form
 20031 | Lair:3   | Reached skill level 10 in Transmutations
 20045 | Lair:3   | HP: 3/80 [poisoned by a redback]
 20046 | Lair:3   | Succumbed to a redback's poison

Skill      XL: |  1  2  3  4  5  6  7  8  9 10 11 |
---------------+----------------------------------+-----
Unarmed Combat | 4 7 9 |  9.1
Transmutations | 3 4 5 10 | 10.1
Poison Magic   | 2 3 |  3.4
Fighting       | 2 4 5 9 |  9.0
Dodging        | 3 4 5 7 8 |  8.2
Spellcasting   | 5 |  5.1
Stealth        | |  0.8

Action                   |  1- 3 |  4- 6 |  7- 9 | 10-12 || total
-------------------------+-------+-------+-------+-------++-------
Melee: Unarmed           |    94 |   211 |   384 |   571 ||  1260
       Tentacles         |    17 |     8 |    28 |    25 ||    78
       Constrict         |    24 |    15 |    15 |    32 ||    86
       Kick              |    17 |     1 |     1 |       ||    19
       Punch             |     2 |     1 |    11 |     5 ||    19
 Cast: Beastly Appendage |    18 |     4 |     2 |       ||    24
       Spider Form       |     3 |    22 |    46 |    51 ||   122
       Ice Form          |       |       |       |     2 ||     2
Invok: Reject Sacrifices |       |       |     1 |       ||     1
       Sacrifice Artific |       |       |       |     1 ||     1
  Use: Scroll            |       |     8 |     5 |     3 ||    16
       Potion            |       |       |       |     9 ||     9
 Stab: Sleeping          |     7 |     6 |     8 |     1 ||    22
       Distracted        |       |     1 |     1 |     2 ||     4
       Invisible         |       |       |       |     6 ||     6
  Eat: Chunk             |     4 |    14 |    20 |    34 ||    72
       Fruit             |       |     1 |       |       ||     1
       Beef jerky        |       |       |     1 |     1 ||     2
       Meat ration       |       |       |     1 |       ||     1
       Bread ration      |       |       |       |     1 ||     1
Armor: Skin              |     6 |    17 |    13 |    21 ||    57
Dodge: Dodged            |    42 |   213 |   263 |   497 ||  1015
